 Dungeon Crawl Stone Soup version 0.28-a0-620-g539b0f7ac7 (webtiles) character file.

Game seed: 16211143258806643120

852 alphasmart the Ruffian (level 7, -23/67 HPs)
             Began as a Troll Berserker on Oct 6, 2021.
             Was a Priest of Trog.
             Annihilated by a two-headed ogre (26 damage)
             ... on level 7 of the Dungeon.
             The game lasted 00:10:58 (3572 turns).

alphasmart the Ruffian (Troll Berserker)            Turns: 3572, Time: 00:10:58

Health: -23/67     AC:  7    Str: 28    XL:     7   Next: 69%
Magic:  6/6        EV: 10    Int:  9    God:    Trog [***...]
Gold:   264        SH:  0    Dex:  9    Spells: 6/6 levels left

rFire   . . .      SeeInvis .     - Unarmed
rCold   . . .      Faith    .   (no shield)
rNeg    . . .      Spirit   .   a - +0 animal skin
rPois   .          Reflect  .   (helmet restricted)
rElec   .          Harm     .   o - +2 cloak
rCorr   .          Rampage  .   (gloves unavailable)
Will    ++...                   (boots unavailable)
Stlth   +.........              (no amulet)
HPRegen 2.21/turn               k - +6 ring of intelligence
MPRegen 0.10/turn               (no ring)

@: strong-willed, on berserk cooldown, regenerating, slowed, very slow
A: large, unfitting armour, claws 3, regeneration 1, shaggy fur 1, tough skin 1
a: Renounce Religion, Berserk, Trog's Hand


You were on level 7 of the Dungeon.
You worshipped Trog.
Trog was most pleased with you.
You visited 1 branch of the dungeon, and saw 7 of its levels.

You collected 264 gold pieces.

Inventory:

Armour
 a - a +0 animal skin (worn)
 o - a +2 cloak (worn)
Jewellery
 k - a +6 ring of intelligence (left claw)
Wands
 m - a wand of paralysis (13)
 n - a wand of flame (14)
Scrolls
 b - 3 scrolls of teleportation {unknown}
 c - a scroll of summoning {unknown}
 f - 6 scrolls of identify {unknown}
 g - 3 scrolls of brand weapon {unknown}
 j - a scroll of amnesia {unknown}
 p - a scroll of enchant armour {unknown}
 q - a scroll of immolation {unknown}
Potions
 d - 4 potions of might
 e - a potion of curing
 h - 2 potions of degeneration {unknown}
 i - a potion of heal wounds {unknown}
 l - a potion of flight {unknown}


   Skills:
 + Level 3.6 Fighting
 + Level 4.4 Dodging
 + Level 1.1 Stealth
 + Level 7.0 Unarmed Combat


You had 6 spell levels left.
You didn't know any spells.
Your spell library was empty.

Dungeon Overview and Level Annotations

Branches:
Dungeon (6/15)             Temple (0/1) D:7

Altars:
Ashenzari
Fedhas
Hepliaklqana
Trog
The Shining One

Shops:
D:1 [([!?


Innate Abilities, Weirdness & Mutations

You are too large for most types of armour.
You have claws for hands.
Your natural rate of healing is unusually fast.
You are covered in fur. (AC +1)
You have tough skin. (AC +1)


Message History

You feel your anger nearly subside.
You are no longer berserk.
You are exhausted.
You feel yourself slow down.
You feel very sick. The killer bee stings you.
You bump into the rock wall.
You feel very sick. The killer bee barely misses you.
The killer bee stings you but does no damage.
The killer bee stings you.
You claw the killer bee!
The killer bee is heavily wounded.
You feel less confused.
You feel sick. The killer bee stings you! The killer bee barely misses you.
You scratch the killer bee.
The killer bee is almost dead.
You feel sick.
The killer bee stings you but does no damage.
The killer bee barely misses you. x2
You claw the killer bee!
You kill the killer bee!
Trog accepts your kill.
You feel sick.
The killer bee stings you but does no damage.
The killer bee closely misses you.
Your Unarmed Combat skill increases to level 7!
Okay, then.
You barely miss the killer bee.
You feel sick. The killer bee stings you.
You barely miss the two-headed ogre.
You feel sick.
An orc comes into view. It is wielding a +0 club.
The two-headed ogre hits you with a +0 giant club!!
* * * LOW HITPOINT WARNING * * *
The two-headed ogre hits you with a +0 giant club!
* * * LOW HITPOINT WARNING * * *
Your skin crawls.
You feel strong-willed.
You feel sick.
You are no longer poisoned.
The two-headed ogre hits you with a +0 giant club!!
You die...

#### ... ... ..
#.### ... #.#
#@# ## ##O# ..
#oy# .#
##y##.##.##
#yyoo.....#
#..oc.c......
....#.o⌠y..⌠..#
###.#.........#
# .....>.....


You could see a two-headed ogre, a centaur, 4 killer bees, an orc wizard and 2
orcs.

Vanquished Creatures
  The ghost of qborf the Gusty, an amateur FeAE (D:3)
  An ogre (D:5)
  A scorpion (D:5)
  2 killer bees (D:7)
  2 centaur skeletons (D:3)
  3 jellies (D:5)
  Crazy Yiuf (D:4)
  An orc priest (D:5)
  2 bullfrog skeletons
  2 iguanas
  An orc wizard (D:4)
  A scorpion zombie (D:5)
  A hound skeleton (D:5)
  A howler monkey skeleton (D:3)
  3 adders
  An adder skeleton (D:4)
  5 worms
  13 dart slugs
  4 orcs
  6 endoplasms
  4 giant cockroaches
  3 goblins
  9 hobgoblins
  4 jackals (D:2)
  2 kobolds
  A quokka (D:4)
  2 ball pythons
  6 bats
  11 frilled lizards
  5 rats
99 creatures vanquished.

Vanquished Creatures (others)
  3 plants (D:3)
3 creatures vanquished.

Grand Total: 102 creatures vanquished

Notes
Turn   | Place    | Note
-------+----------+-------------------------------------------
     0 | D:1      | alphasmart the Troll Berserker began the quest for the Orb.
     0 | D:1      | Reached XP level 1. HP: 22/22 MP: 0/0
    45 | D:1      | Found Ruep's Armour Shoppe.
    47 | D:1      | Found Sois's Distillery.
   102 | D:1      | Found Besetiph's Magic Scroll Emporium.
   183 | D:1      | Reached XP level 2. HP: 29/29 MP: 1/1
   217 | D:1      | Found Miqib's Antique Weapon Emporium.
   252 | D:1      | Found Kaisaquu's Antique Armour Shoppe.
   478 | D:1      | Found a faded altar of an unknown god.
   489 | D:1      | Reached ** piety under Trog
   673 | D:2      | Reached XP level 3. HP: 32/36 MP: 2/2
  1228 | D:3      | Reached skill level 4 in Unarmed Combat
  1228 | D:3      | Reached XP level 4. HP: 30/44 MP: 3/3
  1862 | D:3      | Found a transporter.
  1876 | D:3      | Noticed qborf's ghost (amateur FeAE)
  1877 | D:3      | Found a transporter.
  1895 | D:3      | Reached XP level 5. HP: 23/53 MP: 4/4
  1907 | D:3      | Killed qborf's ghost
  1908 | D:3      | Reached skill level 5 in Unarmed Combat
  1908 | D:3      | Reached XP level 6. HP: 18/61 MP: 5/5
  2254 | D:4      | Reached *** piety under Trog
  2542 | D:4      | Found a bloodstained altar of Trog.
  2672 | D:4      | Found a runed translucent door.
  2673 | D:4      | Noticed Crazy Yiuf
  3016 | D:4      | Killed Crazy Yiuf
  3063 | D:5      | Entered Level 5 of the Dungeon
  3132 | D:5      | Reached skill level 6 in Unarmed Combat
  3175 | D:5      | Reached XP level 7. HP: 62/67 MP: 6/6
  3229 | D:5      | Found a hazy altar of Hepliaklqana.
  3232 | D:5      | Found a broken altar of Ashenzari.
  3246 | D:5      | Found a blossoming altar of Fedhas.
  3249 | D:5      | Found a glowing golden altar of the Shining One.
  3313 | D:5      | Reached skill level 1 in Stealth
  3555 | D:6      | You fall into a shaft and drop 1 floor!
  3555 | D:7      | Found a staircase to the Ecumenical Temple.
  3561 | D:7      | Noticed a two-headed ogre
  3562 | D:7      | Noticed a steam dragon
  3570 | D:7      | Reached skill level 7 in Unarmed Combat
  3571 | D:7      | HP: 1/67 [two-headed ogre (13)]
  3572 | D:7      | Annihilated by a two-headed ogre

Illustrated notes

Levels and vault maps discovered:
D:1:      matt_arrival_refuge, layout_rooms,
          ebering_ecumenical_altar_sacrificial, serial_shops,
          nicolae_square_shop, shop, shop_coins, shop, shop
D:2:      layout_loops_ring, minmay_tromino_v4_c
D:3:      gammafunk_ghost_mausoleum, layout_basic, minmay_lizard_king
D:4:      kennysheep_slugbush, layout_loops_ring, lemuel_round_altar,
          grunt_ministairs_15, uniq_crazy_yiuf_cottage
D:5:      layout_rooms, grunt_temple_overflow_cloverleaf
D:6:      layout_gridville, mainiacjoe_overflow_concentric_impassable,
          uniq_maggie, uniq_pikel
D:7:      layout_loops_ring, minmay_temple_entry_large_hall

Skill      XL: |  1  2  3  4  5  6  7 |
---------------+----------------------+-----
Dodging        | 3 4 |  4.4
Unarmed Combat | 4 5 6 7 |  7.0
Fighting       | 3 |  3.6
Stealth        | 1 |  1.1

Action                   |  1- 3 |  4- 6 |  7- 9 || total
-------------------------+-------+-------+-------++-------
Melee: Unarmed           |   110 |   138 |    26 ||   274
       Bite              |     1 |     4 |     2 ||     7
Invok: Berserk           |       |     1 |     1 ||     2
       Trog's Hand       |       |     1 |     1 ||     2
  Use: Potion            |       |     2 |       ||     2
 Stab: Sleeping          |     1 |       |       ||     1
Armor: Animal skin       |    61 |    66 |     6 ||   133
Dodge: Dodged            |    74 |    97 |    12 ||   183

Table legend: (Time is in decaauts)
 A = Elapsed time spent in this place.
 B = Non-inter-level travel time spent in this place.
 C = Inter-level travel time spent in this place.
 D = Time resting spent in this place.
 E = Time spent auto-exploring this place.
 F = Levels seen in this place.
 G = Mean time per level.
                   A        B        C        D        E       F      G
               +--------+--------+--------+--------+--------+-----+--------+
         Total |   3594 |   3392 |    202 |      0 |   2512 |   7 |  513.4 |
       Dungeon |   3594 |   3392 |    202 |      0 |   2512 |   7 |  513.4 |
               +--------+--------+--------+--------+--------+-----+--------+

Top non-repeatable levels by time:
     D:3: 1006 daAuts
     D:4: 943 daAuts
     D:2: 619 daAuts
     D:1: 520 daAuts
     D:5: 480 daAuts
     D:7: 16 daAuts
     D:6: 6 daAuts
